 Dungeon Crawl Stone Soup version 0.21-a0-591-g2314aa1 (webtiles) character file.

70 Amnesiac the Chiller (level 4, 0/26 HPs)
             Began as a Deep Elf Ice Elementalist on Dec 22, 2017.
             Slain by a gnoll
             ... wielding a +1 spear of flaming
              (1 damage)
             ... on level 3 of the Dungeon.
             The game lasted 00:02:44 (2144 turns).

Amnesiac the Chiller (Deep Elf Ice Elementalist)    Turns: 2144, Time: 00:02:44

Health: 0/26       AC:  2    Str:  5    XL:     4   Next: 3%
Magic:  6/11       EV: 13    Int: 21    God:
Gold:   125        SH:  0    Dex: 15    Spells: 6/10 levels left

rFire    . . .     SeeInvis +   n - +0 hunting sling (flame)
rCold    . . .     Gourm    .   (no shield)
rNeg     . . .     Faith    .   a - +0 robe
rPois    .         Spirit   .   (no helmet)
rElec    .         Reflect  .   (no cloak)
rCorr    .         Harm     .   (no gloves)
MR       .....                  (no boots)
Stlth    ++........             (no amulet)
HPRegen  0.08/turn              l - ring of see invisible
MPRegen  0.12/turn              (no ring)

@: very slightly contaminated
A: no striking features
a: no special abilities


You were on level 3 of the Dungeon.
You were hungry.

You visited 1 branch of the dungeon, and saw 3 of its levels.

You collected 125 gold pieces.

Inventory:

Hand Weapons
 n - a +0 hunting sling of flaming (weapon)
Missiles
 o - 78 stones (quivered)
 r - 2 curare-tipped needles
Armour
 a - a +0 robe (worn)
Jewellery
 k - an uncursed ring of magical power {unknown}
 l - a ring of see invisible (left hand)
Scrolls
 e - a scroll of magic mapping {!r, unknown}
 g - 2 scrolls of identify {!r, unknown}
 h - a scroll of blinking {!r, unknown}
 j - a scroll of random uselessness {!r, unknown}
 m - a scroll of fear {!r, unknown}
Potions
 d - a potion of ambrosia {!q, unknown}
 f - a potion of might {!q, unknown}
 i - a potion of resistance {!q, unknown}
 p - a potion of brilliance {!q, unknown}
Books
 b - a book of Frost

   Spells                             Type                      Level
   a - Freeze                         Ice                          1
   b - Throw Frost                    Conjuration/Ice              2
   c - Ozocubu's Armour               Charms/Ice                   3
   d - Throw Icicle                   Conjuration/Ice              4
   e - Summon Ice Beast               Ice/Summoning                4
Comestibles
 c - 7 rations
 q - 3 chunks of flesh


   Skills:
 + Level 2.2 Fighting
 - Level 2.4 Dodging
 - Level 2.4 Stealth
 - Level 3.5 Spellcasting
   Level 1.1 Conjurations
 - Level 4.0 Ice Magic


You had 6 spell levels left.
You knew the following spells:

 Your Spells              Type           Power        Failure   Level  Hunger
a - Freeze                Ice            ###.         2%          1    None
b - Ozocubu's Armour      Chrm/Ice       ##......     17%         3    ###....


Dungeon Overview and Level Annotations

Branches:
Dungeon (3/15)

Altars:
Fedhas


Message History

You kill the gnoll!
You have reached level 4!
You feel clever.
A gnoll comes into view. It is wielding a spear.
You are feeling hungry.
A leopard gecko comes into view.
The leopard gecko hisses angrily.
The leopard gecko misses you.
An ooze comes into view.
Casting: Freeze
Confirm with . or Enter, or press ? or * to list all spells.
Aiming: Freeze
Press: ? - help, Shift-Dir - straight line, f - leopard gecko
Aim: a leopard gecko (clinging)
You freeze the leopard gecko.
The leopard gecko is moderately wounded.
The leopard gecko hisses menacingly.
The leopard gecko misses you.
The ooze quivers.
The leopard gecko barely misses you.
Casting: Freeze
Confirm with . or Enter, or press ? or * to list all spells.
Aiming: Freeze
Press: ? - help, Shift-Dir - straight line, f - ooze, p - leopard gecko
Aim: an ooze You freeze the ooze.
The ooze is heavily wounded.
The leopard gecko misses you. The ooze closely misses you.
Casting: Freeze
Confirm with . or Enter, or press ? or * to list all spells.
Aiming: Freeze
Press: ? - help, Shift-Dir - straight line, f/p - ooze
Aim: an ooze (heavily wounded)
You miscast Freeze.
You are very lightly contaminated with residual magic.
A chill runs through your body. The leopard gecko closely misses you.
The gnoll hits you from afar with a spear of flaming.
The gnoll burns you.
* * * LOW HITPOINT WARNING * * *
The ooze misses you.
Sorry, you're not good enough to have a special ability.
Unknown command.
Casting: Freeze
Confirm with . or Enter, or press ? or * to list all spells.
Aiming: Freeze
Press: ? - help, Shift-Dir - straight line, f/p - ooze
Aim: an ooze (heavily wounded)
You freeze the ooze.
The ooze is severely wounded.
The leopard gecko bites you.
* * * LOW HITPOINT WARNING * * *
The gnoll hits you but does no damage. The ooze barely misses you.
The leopard gecko bites you but does no damage.
Casting: Freeze
Confirm with . or Enter, or press ? or * to list all spells.
Aiming: Freeze
Press: ? - help, Shift-Dir - straight line, f/p - ooze
Aim: an ooze (severely wounded)
You freeze the ooze.
The ooze is almost dead.
The gnoll hits you from afar with a spear of flaming!
* * * LOW HITPOINT WARNING * * *
The gnoll burns you.
You die...

### #.. #.# ### #.# ..# #J#
#.# #@# #.# ### ## #l#
#.#.# ... #. ...#
#g#.####.#.# ## #. #..#
#g#......#.# #.# #..#
#.######.#.# #.#.# #..#
#...g.g..#.# #. #.#.# #..#
#.######.#.# #.#
#.#.###..######.....#.#
#.###.#...#...............#


You could see 2 gnolls, an ooze and a leopard gecko.

Vanquished Creatures
  A gnoll (D:3)
  2 adders
  An ooze (D:1)
  A worm (D:2)
  3 dart slugs
  2 leopard geckos
  2 ball pythons
  2 hobgoblins
  5 bats
  A frilled lizard (D:2)
  4 goblins
  A kobold (D:1)
  4 rats
29 creatures vanquished.

Notes
Turn   | Place    | Note
-------+----------+-------------------------------------------
     0 | D:1      | Amnesiac the Deep Elf Ice Elementalist began the quest for the Orb.
     0 | D:1      | Reached XP level 1. HP: 10/10 MP: 6/6
   470 | D:1      | Reached XP level 2. HP: 13/15 MP: 5/8
   529 | D:1      | Reached skill level 4 in Ice Magic
   867 | D:2      | Reached skill level 1 in Fighting
   867 | D:2      | Reached XP level 3. HP: 18/20 MP: 7/10
   872 | D:2      | Learned a level 3 spell: Ozocubu's Armour
  1769 | D:2      | Found a blossoming altar of Fedhas.
  2121 | D:3      | Reached XP level 4. HP: 20/26 MP: 8/11
  2144 | D:3      | HP: 1/26 [gnoll/spear of flaming (8)]
  2144 | D:3      | Slain by a gnoll

Vault maps used:
D:1:      scummos_arrival_star
D:2:      fedhas_altar_fruit_tree

Skill      XL: |  1  2  3 |
---------------+----------+-----
Ice Magic      | 4 |  4.0
Fighting       | 1 2 |  2.2
Dodging        | |  2.4
Stealth        | |  2.4
Spellcasting   | |  3.5
Conjurations   | |  1.1

Action                   |  1- 3 |  4- 6 || total
-------------------------+-------+-------++-------
Melee: Unarmed           |     3 |       ||     3
 Fire: Hunting sling     |    20 |       ||    20
 Cast: Freeze            |    45 |     5 ||    50
 Stab: Sleeping          |     1 |       ||     1
  Eat: Chunk             |     3 |       ||     3
Armor: Robe              |     8 |     1 ||     9
Dodge: Dodged            |    20 |     8 ||    28

Table legend:
 A = Spawn XP
 B = Non-spawn XP
 C = Spawn XP percentage of total XP
 D = Spawn monster count
 E = Non-spawn monster count
 F = Spawn count percentage of total count
 G = Total turns spent on level
                    A         B        C        D         E        F      G
               +---------+---------+-------+---------+---------+-------+---------
         Total |       0 |     100 |   0.0 |       0 |      29 |   0.0 |  2144
               +---------+---------+-------+---------+---------+-------+---------
           D:1 |       0 |      27 |   0.0 |       0 |      13 |   0.0 |  1076
           D:2 |       0 |      41 |   0.0 |       0 |      12 |   0.0 |   848
           D:3 |       0 |      32 |   0.0 |       0 |       4 |   0.0 |   220
               +---------+---------+-------+---------+---------+-------+---------
